AoeStats
← Dibujanding

Arabia

508763067Analyzed
1v1 RM · 7d ago on Sep 23, 2026· 16m 5s· 2 players
Game mode
Random Map
Map size
Tiny (2 player)
Population
200
Speed
Normal
Resources
Standard
Victory
Conquest
Starting age
Dark Age
Ending age
Imperial Age
RankedLock teamsTeams togetherTeam positionsShared explorationLock speedFull tech treeHidden civsTurbo modeCheats
Victory
Defeat
🇺🇸 Japanese · United States
1052
+16
🇲🇽 Vikings · Mexico
1051
-16
Dibujanding
7:58 Loom
10:07 Feudal Age
10:27 Man-at-Arms
glamdring99
6:37 Loom
9:38 Feudal Age
10:31 Man-at-Arms
13:37 Forging
15:22 Double-Bit Axe
Connection lost

Rejoining the realm…

Still unreachable

The connection could not be restored.

Session expired

The server has moved on; the page needs a fresh start.